 Dungeon Crawl Stone Soup version 0.29-a0-344-ge2f44be95a (webtiles) character file.

Game seed: 11160099715624918899

58576 Murumi the Carver (level 14, -3/122 HPs)
             Began as a Demigod Fighter on Apr 19, 2022.
             Slain by a large abomination (23 damage)
             ... on level 6 of the Lair of Beasts on Apr 21, 2022.
             The game lasted 01:09:19 (23908 turns).

Murumi the Carver (Demigod Fighter)                Turns: 23908, Time: 01:09:20

Health: -3/122     AC: 21    Str: 25    XL:     14   Next: 15%
Magic:  0/17       EV: 19    Int: 10    God:
Gold:   712        SH: 11    Dex: 37    Spells: 13/13 levels left

rFire   . . .      SeeInvis .   k - +10 rapier of Dried Tears {venom, Str+8 Dex+2}
rCold   . . .      Faith    .   c - +1 buckler
rNeg    . . .      Spirit   .   l - +0 chain mail
rPois   +          Reflect  .   n - +0 helmet
rElec   .          Harm     .   B - +0 cloak
rCorr   .          Rampage  .   b - +2 pair of gloves {infuse}
Will    +....                   Q - +2 pair of boots {Fly}
Stlth   ++........              M - amulet of regeneration
HPRegen 0.00/turn               H - ring of poison resistance
MPRegen 0.15/turn               p - +6 ring of dexterity

@: sick, flying
A: high MP 1, forlorn, divine attributes
a: no special abilities


You were on level 6 of the Lair of Beasts.
You visited 2 branches of the dungeon, and saw 17 of its levels.
You also visited: Volcano.

You collected 1904 gold pieces.
You spent 1192 gold pieces at shops.

Inventory:

Hand Weapons
 k - the +10 rapier of Dried Tears (weapon) {venom, Str+8 Dex+2}
   (You found it on level 3 of the Dungeon)

   It poisons the flesh of those it strikes.
   Str:       It affects your strength (+8).
   Dex:       It affects your dexterity (+2).
 y - a +1 scimitar
 F - a +0 vorpal scimitar
Missiles
 q - 2 throwing nets (quivered)
Armour
 b - a +2 pair of gloves of infusion (worn)
 c - a +1 buckler (worn)
 l - a +0 chain mail (worn)
 n - a +0 helmet (worn)
 B - a +0 cloak (worn)
 Q - a +2 pair of boots of flying (worn)
Jewellery
 p - a +6 ring of dexterity (right hand)
 x - a ring of protection from cold
 C - a +4 ring of slaying
 H - a ring of poison resistance (left hand)
 L - a ring of willpower
 M - an amulet of regeneration (around neck)
 O - a ring of positive energy
Wands
 a - a wand of digging (7)
 E - a wand of paralysis (12)
 P - a wand of flame (3)
Scrolls
 f - 2 scrolls of fog
 m - 10 scrolls of teleportation
 o - 2 scrolls of magic mapping
 r - 2 scrolls of amnesia
 u - 2 scrolls of silence
 w - 3 scrolls of fear
 A - a scroll of enchant armour
 G - 2 scrolls of holy word
 I - 2 scrolls of blinking
Potions
 d - 2 potions of might
 e - 5 potions of heal wounds
 g - 3 potions of haste
 h - 8 potions of curing
 i - 3 potions of cancellation
 j - 4 potions of mutation
 s - 2 potions of magic
 t - 2 potions of ambrosia
 v - 2 potions of resistance
 z - 2 potions of attraction
 D - 5 potions of lignification
 J - 3 potions of brilliance
 K - a potion of berserk rage
 N - 2 potions of invisibility {unknown}


   Skills:
 + Level 10.9 Fighting
 - Level 11.0 Long Blades
 - Level 10.0 Armour
 - Level 10.0 Dodging
 - Level 7.0 Stealth
 - Level 10.0 Shields
 - Level 6.0 Evocations


You had 13 spell levels left.
You didn't know any spells.
Your spell library contained the following spells:

 Spells                   Type           Power      Damage    Failure   Level
 Magic Dart               Conj           0%         1d3       93%         1
 Blink                    Tloc           0%         N/A       98%         2
 Searing Ray              Conj           0%         2d4       98%         2
 Sublimation of Blood     Necr           0%         N/A       98%         2
 Wereblood                Tmut           0%         N/A       98%         2
 Tukima's Dance           Hex            0%         N/A       100%        3
 Airstrike                Air            0%         N/A       100%        4
 Anguish                  Hex/Necr       0%         N/A       100%        4
 Fulminant Prism          Conj/Hex       0%         3d6       100%        4
 Hailstorm                Conj/Ice       0%         3d3       100%        4
 Ice Form                 Ice/Tmut       0%         N/A       100%        4
 Summon Ice Beast         Ice/Summ       0%         N/A       100%        4
 Summon Lightning Spire   Summ/Air       0%         N/A       100%        4
 Lightning Bolt           Conj/Air       0%         1d11      100%        5
 Manifold Assault         Tloc           0%         N/A       100%        5
 Summon Mana Viper        Hex/Summ       0%         N/A       100%        5
 Simulacrum               Ice/Necr       0%         N/A       100%        6
 Enfeeble                 Hex            0%         N/A       100%        7
 Monstrous Menagerie      Summ           0%         N/A       100%        7
 Storm Form               Tmut/Air       0%         N/A       100%        7
 Summon Hydra             Summ           0%         N/A       100%        7


Dungeon Overview and Level Annotations

Branches:
Dungeon (11/15)            Temple (0/1) D:6            Lair (6/6) D:9
 Shoals (0/4) Lair:2        Snake (0/4) Lair:2          Orc (0/2) D:10
Volcano (visited)
  Slime: Lair:5-6

Shops:
D:5 =   D:6 :[   D:9 [


Innate Abilities, Weirdness & Mutations

You have an increased reservoir of magic. (+10% MP)
You shall have no god before yourself.
Your divine heritage dramatically boosts your attributes as you level up.


Message History

You puncture the ancient zyme!
You destroy the ancient zyme!
The large abomination misses you.
You puncture the large abomination!
The large abomination is moderately damaged.
The large abomination hits you!!
* * * LOW HITPOINT WARNING * * *
You barely miss the large abomination.
The large abomination is moderately damaged.
The large abomination closely misses you.
You puncture the large abomination!
The large abomination is heavily damaged.
You block the large abomination's attack.
You puncture the large abomination!
The large abomination is heavily damaged.
You hit the large abomination but do no damage.
The large abomination is heavily damaged.
The large abomination hits you!!
* * * LOW HITPOINT WARNING * * *
Unknown command.
You feel much better.
The large abomination closely misses you.
You hit the large abomination.
The large abomination is severely damaged.
You block the large abomination's attack.
You hit the large abomination but do no damage.
The large abomination is severely damaged.
The large abomination completely misses you.
You hit the large abomination but do no damage.
The large abomination is severely damaged.
You closely miss the large abomination.
The large abomination is severely damaged.
The large abomination hits you.
* * * LOW HITPOINT WARNING * * *
You hit the large abomination.
The large abomination is severely damaged.
The large abomination hits you!!
* * * LOW HITPOINT WARNING * * *
You feel much better. The large abomination hits you!!
You die...

♣....♣ ♣♣
♣♣...♣♣ ♣♣.X
♣♣....♣ ♣..
♣.....♣ ♣♣♣..
♣..♣♣..♣♣ ♣.♣÷.
♣.. ♣..(♣
♣÷...♣♣ ♣.♣
♣♣..♣ ♣..♣X.♣
..♣♣ ♣♣.♣
♣..♣♣@♣ ♣♣..♣
♣♣.♣ ♣....♣ ♣.♣
♣..♣ ♣...♣♣ ♣.♣
♣.♣♣ ♣♣♣.♣♣
♣.♣♣♣.♣♣ ♣..♣♣♣
♣..♣...♣
♣....♣♣♣♣......♣
♣.....♣♣..♣...♣♣
♣♣♣.♣.♣..♣♣♣..♣
♣♣♣♣..♣♣ ♣..♣


You could see a large abomination.

Vanquished Creatures
  A red draconian (Volcano)
  Josephine (Lair:5)
  2 boulder beetles
  4 hydras
  3 two-headed ogres
  2 centaur warriors
  A tengu warrior (D:11)
  7 death yaks
  2 thrashing horrors (Lair:6)
  Nergalle (Lair:4)
  Pikel (D:5)
  A cyclops (D:11)
  4 elephants (Lair:3)
  7 black mambas
  2 smoke demons (Lair:6)
  2 molten gargoyles (Volcano)
  10 cane toads
  2 torpor snails
  Maggie (D:7)
  Psyche (D:10)
  5 rime drakes
  13 komodo dragons
  2 yaktaurs (Volcano)
  A kobold demonologist (D:11)
  An unseen horror (D:11)
  5 ancient zymes (Lair:6)
  A hornet (Lair:3)
  34 blink frogs
  A large abomination (Lair:6)
  A ynoxinul (Lair:6)
  5 wraiths
  64 yaks
  7 wyverns
  2 fire bats (Volcano)
  8 basilisks
  2 chaos spawn (Lair:6)
  2 steam dragons (D:8)
  Menkaure (D:5)
  An acid dragon (D:11)
  22 water moccasins
  A sky beast (D:7)
  6 black bears
  2 orc warriors
  An ice beast (D:8)
  An ogre (D:4)
  5 wolves (Lair:5)
  5 centaurs
  3 kobold brigands
  A wyvern zombie (D:9)
  8 small abominations (Lair:6)
  12 bullfrogs
  5 necrophages
  8 wights
  10 killer bees
  3 howler monkeys
  2 electric eels (Lair:2)
  A vampire bat (Lair:3)
  4 lava snakes (Volcano)
  3 centaur zombies (D:9)
  A jelly (D:5)
  4 hounds
  3 gnoll shamans
  3 orc priests
  2 iguanas
  9 orc wizards
  A howler monkey zombie (D:9)
  Robin (D:3)
  16 gnolls
  2 river rats (D:9)
  7 adders
  An ufetubus (D:6)
  A worm (D:2)
  2 dart slugs (D:5)
  24 orcs
  9 ball pythons
  5 endoplasms
  A giant cockroach (D:2)
  14 goblins
  11 hobgoblins
  12 jackals
  3 quokkas
  17 bats
  7 frilled lizards
  15 kobolds
  6 rats
491 creatures vanquished.

Vanquished Creatures (collateral kills)
  A ball python (D:2)
1 creature vanquished.

Vanquished Creatures (others)
  29 fungi
  39 plants
68 creatures vanquished.

Grand Total: 560 creatures vanquished

Notes
Turn   | Place    | Note
-------+----------+-------------------------------------------
     0 | D:1      | Murumi the Demigod Fighter began the quest for the Orb.
     0 | D:1      | Reached XP level 1. HP: 18/18 MP: 3/3
    26 | D:1      | Reached skill level 2 in Long Blades
   178 | D:1      | Upgraded the game from 0.29-a0-338-g1ff7896281 to
                  | 0.29-a0-344-ge2f44be95a
   203 | D:1      | Reached XP level 2. HP: 26/26 MP: 4/4
   773 | D:1      | Reached skill level 1 in Dodging
  1330 | D:2      | Reached XP level 3. HP: 21/31 MP: 5/5
  1462 | D:2      | Reached skill level 1 in Stealth
  2604 | D:3      | Noticed Robin
  2618 | D:3      | Reached XP level 4. HP: 36/38 MP: 6/6
  2787 | D:3      | Killed Robin
  2789 | D:3      | Reached skill level 3 in Long Blades
  3560 | D:3      | Noticed a balrug
  3563 | D:3      | Noticed an orange demon
  3563 | D:3      | Noticed a neqoxec
  3812 | D:4      | Noticed an ogre
  3822 | D:4      | Killed an ogre
  3823 | D:4      | Reached XP level 5. HP: 40/45 MP: 7/7
  3894 | D:4      | Identified the +1 ring mail "Mepodong" {Str+3 Dex-3 Stlth+}
  3910 | D:4      | Noticed a black bear
  3926 | D:4      | Killed a black bear
  3927 | D:4      | Reached skill level 4 in Long Blades
  3927 | D:4      | Reached XP level 6. HP: 10/51 MP: 8/8
  4593 | D:4      | Identified a scroll of acquirement
  4593 | D:4      | Acquired a +6 ring of dexterity
  4829 | D:4      | Noticed a water moccasin
  4842 | D:4      | Killed a water moccasin
  5368 | D:5      | Entered Level 5 of the Dungeon
  5368 | D:5      | Noticed a yak
  5368 | D:5      | Noticed a yak
  5368 | D:5      | Noticed a yak
  5368 | D:5      | Noticed a yak
  5368 | D:5      | Noticed a yak
  5371 | D:5      | Noticed a yak
  5381 | D:4      | Killed a yak
  5382 | D:4      | Reached XP level 7. HP: 37/59 MP: 9/9
  5510 | D:4      | Killed a yak
  5734 | D:4      | Killed a yak
  5880 | D:4      | Killed a yak
  5881 | D:4      | Reached skill level 5 in Long Blades
  6046 | D:4      | Killed a yak
  6047 | D:4      | Reached skill level 5 in Fighting
  6047 | D:4      | Reached XP level 8. HP: 33/68 MP: 10/10
  6218 | D:5      | Reached skill level 5 in Shields
  6627 | D:5      | Reached skill level 5 in Dodging
  6751 | D:5      | Found Farghu's Jewellery Shop.
  6950 | D:5      | Reached skill level 5 in Armour
  6964 | D:5      | Noticed Pikel
  6986 | D:5      | Killed Pikel
  6987 | D:5      | Reached skill level 6 in Long Blades
  7353 | D:5      | Noticed Menkaure
  7363 | D:5      | Reached XP level 9. HP: 74/74 MP: 11/11
  7370 | D:5      | Killed Menkaure
  8127 | D:6      | Found Kenik's Book Shop.
  8346 | D:6      | Found Casinub's Antique Armour Shoppe.
  8801 | D:5      | Bought a ring of flight for 245 gold pieces
  8923 | D:3      | Identified the +10 rapier of Dried Tears {venom, Str+8
                  | Dex+2}
  9157 | D:6      | Found a staircase to the Ecumenical Temple.
  9905 | D:7      | Reached skill level 1 in Evocations
 10079 | D:7      | Noticed Maggie
 10095 | D:7      | Killed Maggie
 10908 | D:8      | Reached XP level 10. HP: 63/83 MP: 13/13
 10915 | D:8      | Reached skill level 7 in Long Blades
 11173 | D:6      | Bought a cloak for 139 gold pieces
 11730 | D:9      | Found Qeze Neo's Armour Boutique.
 11792 | D:9      | Noticed a two-headed ogre
 11800 | D:9      | Killed a two-headed ogre
 12030 | D:9      | Noticed a death yak
 12033 | D:9      | Noticed a death yak
 12037 | D:9      | Noticed a death yak
 12041 | D:9      | Noticed a two-headed ogre
 12043 | D:9      | Killed a death yak
 12049 | D:9      | Killed a death yak
 12055 | D:9      | Killed a death yak
 12059 | D:9      | Killed a two-headed ogre
 12068 | D:9      | Reached skill level 8 in Long Blades
 12253 | D:9      | Found a staircase to the Lair.
 12501 | D:8      | Reached XP level 11. HP: 92/92 MP: 14/14
 13043 | D:10     | Entered Level 10 of the Dungeon
 13409 | D:10     | Found a staircase to the Orcish Mines.
 13932 | D:10     | Noticed Psyche
 13977 | D:10     | Killed Psyche
 14187 | D:11     | Noticed a boulder beetle
 14187 | D:11     | Noticed a tengu warrior
 14305 | D:11     | Noticed a two-headed ogre
 14352 | D:11     | Killed a two-headed ogre
 14517 | D:11     | Noticed a centaur warrior
 14571 | D:11     | Killed a centaur warrior
 14607 | D:11     | Killed a boulder beetle
 14653 | D:11     | Noticed a seven-headed hydra
 14685 | D:11     | Killed a seven-headed hydra
 14892 | D:11     | Killed a tengu warrior
 15380 | D:11     | Reached skill level 5 in Stealth
 15990 | Lair:1   | Entered Level 1 of the Lair of Beasts
 16051 | Lair:1   | Reached skill level 9 in Long Blades
 16112 | Lair:1   | Reached XP level 12. HP: 103/103 MP: 15/15
 16315 | Lair:1   | Acquired 806 gold pieces
 16477 | D:5      | Bought a ring of poison resistance for 280 gold pieces
 16627 | Lair:1   | Identified the +1 plate armour of Xivunna {*Slow rN+ Dex+6}
 16800 | Lair:1   | Noticed a five-headed hydra
 16802 | Lair:1   | Noticed a boulder beetle
 16811 | Lair:1   | Killed a five-headed hydra
 16824 | Lair:1   | Killed a boulder beetle
 17460 | Lair:2   | Reached skill level 5 in Evocations
 17578 | Lair:2   | Found a staircase to the Shoals.
 17593 | Lair:2   | Found a staircase to the Snake Pit.
 18523 | Lair:3   | Reached skill level 10 in Long Blades
 18621 | Lair:3   | Reached XP level 13. HP: 111/111 MP: 16/16
 18798 | D:9      | Bought a +1 pair of gloves of infusion for 264 gold pieces
 19360 | Lair:4   | Noticed Nergalle
 19380 | Lair:4   | Killed Nergalle
 19424 | Lair:4   | Reached skill level 10 in Fighting
 19511 | Lair:4   | Found a dark tunnel.
 19518 | Volcano  | Entered a volcano
 20054 | Volcano  | Reached skill level 10 in Shields
 20221 | Volcano  | Noticed a red draconian
 20232 | Volcano  | Killed a red draconian
 20701 | Lair:4   | Reached skill level 10 in Dodging
 21184 | D:9      | Bought a +1 pair of boots of flying for 264 gold pieces
 21661 | Lair:5   | Noticed Josephine
 21706 | Lair:5   | Reached skill level 10 in Armour
 21726 | Lair:5   | Killed Josephine
 22819 | Lair:6   | Entered Level 6 of the Lair of Beasts
 23442 | Lair:6   | Reached XP level 14. HP: 121/121 MP: 15/17
 23458 | Lair:6   | Reached skill level 11 in Long Blades
 23907 | Lair:6   | HP: 2/122 [large abomination (20)]
 23908 | Lair:6   | Slain by a large abomination

Illustrated notes

Levels and vault maps discovered:
D:1:      wheals_arrival_shading, layout_loops_corners,
          shapermc_ecumenical_altar_acropolis
D:2:      layout_basic, grunt_ministairs_6, kennysheep_big_empty_room
D:3:      layout_loops_ring, lemuel_doored_altar, nicolae_wu_jian_glorious_leap,
          mainiacjoe_overflow_tiny_flanked, makhleb_altar_promises_db,
          item_on_display_a, uniq_robin
D:4:      minmay_recursive_quarters, layout_basic, minivault_11
D:5:      layout_basic, nicolae_ru_the_path_less_chosen,
          mainiacjoe_overflow_surrounded_room, serial_shops, shop,
          uniq_menkaure, uniq_pikel
D:6:      nicolae_BIG_FREAKIN_CUBE, layout_basic,
          minmay_temple_entry_enclosed_plants, serial_shops, shop_fountains,
          nicolae_shop_waterfront
D:7:      layout_basic, nicolae_uskayaw_suspiria, uniq_maggie
D:8:      layout_cave_pools, mainiacjoe_overflow_alcove_2,
          lemuel_coloured_pillars_altar, minmay_fractal_squares_gapless_5
D:9:      layout_long_grid, general_overflow_altar, dpeg_lair_monsters,
          serial_undead, serial_undead_e, serial_undead_a, serial_undead_a,
          serial_undead_f, serial_shops, nicolae_shop_hallway_stairs
D:10:     layout_gridville, nicolae_overflow_hidden_temple,
          mainiacjoe_overflow_24_doors, david_orc_2, uniq_psyche
D:11:     layout_irregular_city, chequers_serial_rivers_large_b
Lair:1:   layout_hall_layers, minmay_shattered_shrine
Lair:2:   layout_chaotic_city, shoals_dummy_entry, dummy_snake_entry,
          grunt_megastairs_2, serial_bayou_shore_a
Lair:3:   layout_cave_shapes, minmay_hedge_maze, roderic_batcave
Lair:4:   layout_regular_city, nicolae_volcano_entry_two_sided, uniq_nergalle
Lair:5:   layout_regular_city, pond, uniq_josephine
Lair:6:   hellmonk_lair_end_abyssal_woods, layout_regular_city, slime_dummy

Skill      XL: |  1  2  3  4  5  6  7  8  9 10 11 12 13 14 |
---------------+-------------------------------------------+-----
Long Blades    | 2 3 4 5 6 8 9 10 11 | 11.0
Fighting       | 3 4 5 6 7 8 9 10 | 10.9
Shields        | 3 4 5 6 7 8 9 10 | 10.0
Armour         | 3 4 5 6 7 8 9 10 | 10.0
Dodging        | 1 2 3 4 5 6 7 8 9 10 | 10.0
Stealth        | 1 2 3 4 5 6 7 |  7.0
Evocations     | 3 4 5 6 |  6.0

Action                   |  1- 3 |  4- 6 |  7- 9 | 10-12 | 13-15 || total
-------------------------+-------+-------+-------+-------+-------++-------
Melee: Long sword        |   167 |   157 |   225 |       |       ||   549
       Rapier            |       |       |    96 |   637 |   536 ||  1269
Evoke: Wand              |       |       |     1 |       |       ||     1
  Use: Scroll            |     8 |     5 |     8 |     8 |     3 ||    32
       Potion            |       |     1 |     2 |     2 |     2 ||     7
 Stab: Sleeping          |       |       |       |       |     2 ||     2
       Distracted        |       |       |       |       |     1 ||     1
Armor: Scale mail        |    67 |       |       |       |       ||    67
       Chain mail        |    17 |    94 |   114 |   190 |   118 ||   533
Dodge: Dodged            |    85 |    55 |   138 |   339 |   317 ||   934
Block: Buckler           |    32 |    57 |   133 |   293 |   238 ||   753

Table legend: (Time is in decaauts)
 A = Elapsed time spent in this place.
 B = Non-inter-level travel time spent in this place.
 C = Inter-level travel time spent in this place.
 D = Time resting spent in this place.
 E = Time spent auto-exploring this place.
 F = Levels seen in this place.
 G = Mean time per level.
                   A        B        C        D        E       F      G
               +--------+--------+--------+--------+--------+-----+--------+
         Total |  24078 |  21540 |   2538 |   1665 |  15815 |  18 | 1337.7 |
       Dungeon |  16503 |  14596 |   1907 |   1371 |  10830 |  11 | 1500.3 |
          Lair |   6660 |   6030 |    630 |    211 |   4323 |   6 | 1110.0 |
       Volcano |    913 |    913 |      0 |     83 |    662 |   1 |  913.0 |
               +--------+--------+--------+--------+--------+-----+--------+

Top non-repeatable levels by time:
     D:4: 2710 daAuts
     D:5: 1859 daAuts
    D:11: 1726 daAuts
     D:3: 1558 daAuts
     D:9: 1511 daAuts
     D:7: 1348 daAuts
     D:1: 1277 daAuts
  Lair:1: 1270 daAuts
     D:6: 1245 daAuts
  Lair:5: 1239 daAuts
     D:2: 1222 daAuts
  Lair:4: 1162 daAuts
    D:10: 1110 daAuts
  Lair:3: 1064 daAuts
  Lair:6: 1021 daAuts
